 Dungeon Crawl Stone Soup version 0.22-b1-21-g5cfc168 (webtiles) character file.

12894 Gorglomux the Covert (level 12, -3/93 HPs)
             Began as a Gnoll Assassin on Aug 5, 2018.
             Was an Elder of Kikubaaqudgha.
             Slain by a skeletal warrior
             ... wielding a +0 mace
             ... led by a death knight
              (17 damage)
             ... on level 11 of the Dungeon.
             The game lasted 00:26:49 (16943 turns).

Gorglomux the Covert (Gnoll Assassin)              Turns: 16943, Time: 00:26:52

Health: -3/93      AC:  7    Str: 14    XL:     12   Next: 0%
Magic:  8/22       EV: 22    Int: 17    God:    Kikubaaqudgha [****..]
Gold:   578        SH:  0    Dex: 18    Spells: 13/24 levels left

rFire    . . .     SeeInvis .   w - +2 shortbow (velocity)
rCold    . . .     Gourm    .   (shield currently unavailable)
rNeg     . . .     Faith    .   m - +0 troll leather armour
rPois    +         Spirit   .   (no helmet)
rElec    .         Reflect  .   d - +0 cloak
rCorr    .         Harm     .   (no gloves)
MR       .....                  B - +0 pair of boots
Stlth    ++++......             J - amulet of magic regeneration
HPRegen  0.65/turn              o - ring of poison resistance
MPRegen  0.43/turn              s - +5 ring of evasion

@: very slightly contaminated, slowed, drained, very slow
A: distributed training, fangs 1, strong nose
a: Receive Corpses, Renounce Religion


You were on level 11 of the Dungeon.
You worshipped Kikubaaqudgha.
Kikubaaqudgha was greatly pleased with you.
You were not hungry.

You visited 1 branch of the dungeon, and saw 11 of its levels.

You collected 578 gold pieces.

Inventory:

Hand Weapons
 a - a +0 trident
 b - a +0 hand crossbow
 q - a +0 blowgun
 w - a +2 shortbow of velocity (weapon)
 A - a +0 war axe
 F - a +0 shortbow
 S - a +2 falchion of flaming
Missiles
 e - 109 poisoned needles
 f - a curare-tipped needle
 v - 157 arrows (quivered)
 P - 18 bolts
 W - 3 needles of frenzy
 Z - a throwing net
Armour
 d - a +0 cloak (worn)
 m - a +0 troll leather armour (worn)
 B - a +0 pair of boots (worn)
Jewellery
 o - a ring of poison resistance (left hand)
 s - a +5 ring of evasion (right hand)
 J - an amulet of magic regeneration (around neck)
Wands
 I - a wand of iceblast (6)
Scrolls
 t - 2 scrolls of amnesia
 u - 5 scrolls of remove curse
 x - 6 scrolls of fear
 y - 3 scrolls of enchant weapon {unknown}
 D - 2 scrolls of enchant armour {unknown}
 E - a scroll of fog {unknown}
 H - 3 scrolls of blinking {unknown}
 M - 3 scrolls of immolation {unknown}
 O - a scroll of vulnerability {unknown}
 R - 6 scrolls of identify
 T - 7 scrolls of teleportation
 X - 2 scrolls of noise {unknown}
Potions
 n - a potion of degeneration {unknown}
 p - a potion of mutation {!q}
 z - a potion of heal wounds {unknown}
 C - a potion of cancellation
 G - a potion of resistance
 K - 2 potions of magic
 L - a potion of might {unknown}
 N - a potion of agility
 Q - 2 potions of curing
 V - 2 potions of flight
 Y - 3 potions of brilliance
Miscellaneous
 r - a lightning rod (1/4)
Comestibles
 g - 17 rations
 U - 5 chunks of flesh


   Skills:
 + Level 8.2(8.0) Fighting
 + Level 8.2(8.0) Short Blades
 + Level 6.7(6.5) Long Blades
 + Level 6.7(6.5) Axes
 + Level 6.7(6.5) Maces & Flails
 + Level 6.7(6.5) Polearms
 + Level 6.7(6.5) Staves
 + Level 6.7(6.5) Slings
 + Level 6.7(6.5) Bows
 + Level 6.7(6.5) Crossbows
 + Level 8.2(8.0) Throwing
 + Level 6.7(6.5) Armour
 + Level 7.2(7.1) Dodging
 + Level 10.2(10.1) Stealth
 + Level 6.7(6.5) Shields
 + Level 6.7(6.5) Unarmed Combat
 + Level 6.7(6.5) Spellcasting
 + Level 5.5(5.4) Conjurations
 + Level 5.5(5.4) Hexes
 + Level 5.5(5.4) Charms
 + Level 5.5(5.4) Summonings
 + Level 5.5(5.4) Necromancy
 + Level 5.5(5.4) Translocations
 + Level 5.5(5.4) Transmutations
 + Level 5.5(5.4) Fire Magic
 + Level 5.5(5.4) Ice Magic
 + Level 5.5(5.4) Air Magic
 + Level 5.5(5.4) Earth Magic
 + Level 5.5(5.4) Poison Magic
 + Level 7.3(7.2) Invocations
 + Level 6.7(6.5) Evocations


You had 13 spell levels left.
You knew the following spells:

 Your Spells              Type           Power        Failure   Level  Hunger
d - Blink                 Tloc           N/A          2%          2    None
j - Conjure Flame         Conj/Fire      ###.....     4%          3    ##.....
x - Confuse               Hex            ###.....     4%          3    ##.....
R - Regeneration          Chrm/Necr      ###.......   4%          3    ##.....

Your spell library contained the following spells:

 Spells                   Type           Power        Failure   Level  Hunger
 Magic Dart               Conj           ###.         1%          1    None
 Slow                     Hex            ###.....     2%          2    None
 Mephitic Cloud           Conj/Pois/Air  ###.....     4%          3    ##.....
 Bolt of Draining         Conj/Necr      ###.......   41%         5    #####..
 Iskenderun's Mystic Bla  Conj           ###.....     16%         4    ####...
 Pain                     Necr           ###.         1%          1    None
 Call Imp                 Summ           ###.....     2%          2    None
 Dispel Undead            Necr           ###.....     41%         5    #####..
 Sublimation of Blood     Necr           ###.......   2%          2    None
 Tukima's Dance           Hex            ###.....     4%          3    ##.....
 Corpse Rot               Necr           N/A          2%          2    None
 Agony                    Necr           ###.....     41%         5    #####..
 Statue Form              Tmut/Erth      ###......    94%         6    #######
 Dragon Form              Tmut           ###.......   100%        7    #######
 Ensorcelled Hibernation  Hex/Ice        ###...       2%          2    None
 Corona                   Hex            ###....      1%          1    None
 Simulacrum               Ice/Necr       ###.......   94%         6    #######
 Excruciating Wounds      Chrm/Necr      ###.......   41%         5    #####..
 Fulminant Prism          Conj/Hex       ###.......   16%         4    ####...
 Dazzling Spray           Conj/Hex       ###...       4%          3    ##.....
 Force Lance              Conj/Tloc      ###.....     16%         4    ####...
 Searing Ray              Conj           ###...       2%          2    None
 Hydra Form               Tmut           ###.......   94%         6    #######
 Irradiate                Conj/Tmut      ###.......   41%         5    #####..


Dungeon Overview and Level Annotations

Branches:
Dungeon (11/15)            Temple (0/1) D:6            Lair (0/6) D:8
    Orc (0/2) D:9

Altars:
Cheibriados
Kikubaaqudgha
Trog

Shops:
D:5 [   D:11 [

Annotations:
D:11 exclusions: phantasmal warrior and 6 more exclusions


Innate Abilities, Weirdness & Mutations

Your experience applies equally to all skills.
You have very sharp teeth.
Your uncanny sense of smell can sniff out nearby items.


Message History

Confirm with ! or Enter, or press ? or * to list all spells!
You blink!
Evoke which item? (* to show all) (? for menu, Esc to quit)
Okay, then!
The freezing wraith misses you! The freezing wraith barely misses you!
Casting: Blink (safe; 2% risk of failure)
Confirm with ! or Enter, or press ? or * to list all spells!
You blink!
The freezing wraith misses you! The freezing wraith hits you!!!
The freezing wraith drains your vigour!!!
You feel yourself slow butt!
The skeletal warrior closely misses you!
The freezing wraith hits you! The freezing wraith freezes you!!!
The freezing wraith barely misses you! The freezing wraith hits you!
The freezing wraith freezes you!!!!!! * * * don't die
* * * The freezing wraith completely misses you!
The skeletal warrior hits you with a mace!!! rip Kikubaaqudgha rasps: "You have failed me!!!
Welcome!!! death!!!"

....#..........'÷........#...#...
.. ∆#..........#.........#...#...
#..........#.........#...#...
########.###.........###.#...
#####...####.###############.###.
.............##......##.>......#.
.............##......##........#.
.............##..W...##........#.
########'######.@z...##...#'####.
####..........#§###########......
...#..........#......######.#....
...#..........#......##...#.#....
...'..#####...#......##...#.#....
...#.[........#......##...#.#....
#####'###.....####'####...#.#....
........#.###.........#...#.#....
........#.###.........#...#......


You could see a skeletal warrior and a freezing wraith.

Vanquished Creatures
  Harold (D:7)
  A hydra (D:8)
  3 two-headed ogres
  A centaur zombie (D:11)
  A komodo dragon (D:11)
  3 trolls
  2 hornets
  2 dream sheep (D:8)
  A hippogriff (D:6)
  A shadow (D:11)
  A wyvern (D:3)
  2 yaks (D:8)
  3 hungry ghosts (D:9)
  A steam dragon (D:11)
  2 water moccasins
  A black bear (D:10)
  3 ice beasts
  3 orc warriors
  3 sky beasts
  5 ogres
  A necrophage (D:8)
  3 phantoms
  9 centaurs
  7 big kobolds
  5 bullfrogs
  A wyvern zombie (D:5)
  3 scorpions
  A water moccasin skeleton (D:7)
  A troll zombie (D:9)
  7 wights
  A howler monkey (D:8)
  5 crimson imps
  2 quasits
  2 bullfrog zombies
  3 centaur skeletons
  5 hounds
  A jelly (D:8)
  6 orc wizards
  13 orc priests
  Jessica (D:2)
  4 iguanas
  11 worker ants
  7 ogre zombies (D:9)
  A worker ant zombie (D:6)
  4 gnolls (D:5)
  12 adders
  3 shadow imps
  An adder zombie (D:5)
  An ooze (D:2)
  An adder skeleton (D:7)
  8 leopard geckos
  26 orcs
  6 giant cockroaches
  8 goblins
  4 hobgoblins
  4 jackals
  21 kobolds
  3 quokkas
  12 bats
  3 frilled lizards
  3 goblin zombies (D:9)
  A hobgoblin skeleton (D:9)
  2 hobgoblin zombies (D:9)
  2 jackal skeletons
  6 orc skeletons (D:9)
  13 orc zombies (D:9)
  9 rats
293 creatures vanquished.

Vanquished Creatures (collateral kills)
  2 eyes of draining (D:7)
  A gnoll (D:7)
  An orc (D:7)
  A goblin (D:7)
5 creatures vanquished.

Grand Total: 298 creatures vanquished

Notes
Turn   | Place    | Note
-------+----------+-------------------------------------------
     0 | D:1      | Gorglomux the Gnoll Assassin began the quest for the Orb.
     0 | D:1      | Reached XP level 1. HP: 20/20 MP: 1/1
   183 | D:1      | Reached XP level 2. HP: 26/26 MP: 2/2
   723 | D:2      | Reached XP level 3. HP: 29/31 MP: 3/3
   950 | D:2      | Noticed Jessica
   966 | D:2      | Killed Jessica
   966 | D:2      | Reached skill level 1 in Long Blades
   966 | D:2      | Reached skill level 1 in Axes
   966 | D:2      | Reached skill level 1 in Maces & Flails
   966 | D:2      | Reached skill level 1 in Polearms
   966 | D:2      | Reached skill level 1 in Staves
   966 | D:2      | Reached skill level 1 in Slings
   966 | D:2      | Reached skill level 1 in Bows
   966 | D:2      | Reached skill level 1 in Crossbows
   966 | D:2      | Reached skill level 1 in Armour
   966 | D:2      | Reached skill level 1 in Shields
   966 | D:2      | Reached skill level 1 in Unarmed Combat
   966 | D:2      | Reached skill level 1 in Spellcasting
   966 | D:2      | Reached skill level 1 in Invocations
   966 | D:2      | Reached skill level 1 in Evocations
  1238 | D:2      | Reached XP level 4. HP: 38/38 MP: 5/5
  1714 | D:3      | Noticed a wyvern
  1715 | D:3      | Killed a wyvern
  1715 | D:3      | Reached skill level 3 in Dodging
  1715 | D:3      | Reached skill level 8 in Stealth
  1715 | D:3      | Reached skill level 1 in Conjurations
  1715 | D:3      | Reached skill level 1 in Hexes
  1715 | D:3      | Reached skill level 1 in Charms
  1715 | D:3      | Reached skill level 1 in Summonings
  1715 | D:3      | Reached skill level 1 in Necromancy
  1715 | D:3      | Reached skill level 1 in Translocations
  1715 | D:3      | Reached skill level 1 in Transmutations
  1715 | D:3      | Reached skill level 1 in Fire Magic
  1715 | D:3      | Reached skill level 1 in Ice Magic
  1715 | D:3      | Reached skill level 1 in Air Magic
  1715 | D:3      | Reached skill level 1 in Earth Magic
  1715 | D:3      | Reached skill level 1 in Poison Magic
  1715 | D:3      | Reached XP level 5. HP: 43/43 MP: 5/7
  1729 | D:3      | Reached XP level 6. HP: 50/50 MP: 6/8
  2208 | D:3      | Found an ancient bone altar of Kikubaaqudgha.
  2216 | D:3      | Became a worshipper of Kikubaaqudgha
  3041 | D:4      | Reached XP level 7. HP: 56/56 MP: 10/10
  3564 | D:5      | Entered Level 5 of the Dungeon
  4703 | D:5      | Reached skill level 3 in Invocations
  4725 | D:5      | Reached XP level 8. HP: 42/63 MP: 12/12
  5002 | D:5      | Reached skill level 3 in Long Blades
  5002 | D:5      | Reached skill level 3 in Axes
  5002 | D:5      | Reached skill level 3 in Maces & Flails
  5002 | D:5      | Reached skill level 3 in Polearms
  5002 | D:5      | Reached skill level 3 in Staves
  5002 | D:5      | Reached skill level 3 in Slings
  5002 | D:5      | Reached skill level 3 in Bows
  5002 | D:5      | Reached skill level 3 in Crossbows
  5002 | D:5      | Reached skill level 3 in Armour
  5002 | D:5      | Reached skill level 3 in Shields
  5002 | D:5      | Reached skill level 3 in Unarmed Combat
  5002 | D:5      | Reached skill level 3 in Spellcasting
  5002 | D:5      | Reached skill level 3 in Evocations
  5019 | D:5      | Reached * piety under Kikubaaqudgha
  5019 | D:5      | Identified Kikubaaqudgha's Disquisition on Unholy Rites {god gift} (Kikubaaqudgha gifted it to you on level 5 of the Dungeon)
  5019 | D:5      | Received a gift from Kikubaaqudgha
  5112 | D:5      | Learned a level 3 spell: Regeneration
  5799 | D:5      | Found Syuc's Armour Shoppe.
  6765 | D:6      | Learned a level 2 spell: Blink
  6769 | D:6      | Learned a level 3 spell: Confuse
  6802 | D:6      | Reached skill level 3 in Conjurations
  6802 | D:6      | Reached skill level 3 in Hexes
  6802 | D:6      | Reached skill level 3 in Charms
  6802 | D:6      | Reached skill level 3 in Summonings
  6802 | D:6      | Reached skill level 3 in Necromancy
  6802 | D:6      | Reached skill level 3 in Translocations
  6802 | D:6      | Reached skill level 3 in Transmutations
  6802 | D:6      | Reached skill level 3 in Fire Magic
  6802 | D:6      | Reached skill level 3 in Ice Magic
  6802 | D:6      | Reached skill level 3 in Air Magic
  6802 | D:6      | Reached skill level 3 in Earth Magic
  6802 | D:6      | Reached skill level 3 in Poison Magic
  6804 | D:6      | Found a staircase to the Ecumenical Temple.
  6864 | D:6      | Reached skill level 6 in Fighting
  6864 | D:6      | Reached skill level 6 in Short Blades
  6864 | D:6      | Reached skill level 6 in Throwing
  6864 | D:6      | Reached XP level 9. HP: 41/69 MP: 14/14
  7574 | D:7      | Noticed Harold
  8179 | D:7      | Reached ** piety under Kikubaaqudgha
  8493 | D:7      | Found a bloodstained altar of Trog.
  8543 | D:7      | Killed Harold
  8543 | D:7      | Reached skill level 9 in Stealth
  9333 | D:7      | Reached XP level 10. HP: 61/77 MP: 17/17
  9645 | D:8      | Learned a level 3 spell: Conjure Flame
  9896 | D:8      | Noticed a two-headed ogre
  9926 | D:8      | Killed a two-headed ogre
 10105 | D:8      | Found a staircase to the Lair.
 10224 | D:8      | Reached *** piety under Kikubaaqudgha
 10224 | D:8      | Identified Kikubaaqudgha's Compendium of Evil {god gift} (Kikubaaqudgha gifted it to you on level 8 of the Dungeon)
 10224 | D:8      | Received a gift from Kikubaaqudgha
 11148 | D:8      | Reached skill level 6 in Dodging
 11219 | D:8      | Reached skill level 6 in Invocations
 11411 | D:8      | Noticed a two-headed hydra
 11420 | D:8      | Killed a two-headed hydra
 11435 | D:8      | Reached XP level 11. HP: 47/84 MP: 11/19
 12010 | D:9      | Reached **** piety under Kikubaaqudgha
 12039 | D:9      | Found a staircase to the Orcish Mines.
 12325 | D:9      | Found a snail-covered altar of Cheibriados.
 12760 | D:9      | Reached skill level 6 in Long Blades
 12760 | D:9      | Reached skill level 6 in Axes
 12760 | D:9      | Reached skill level 6 in Maces & Flails
 12760 | D:9      | Reached skill level 6 in Polearms
 12760 | D:9      | Reached skill level 6 in Staves
 12760 | D:9      | Reached skill level 6 in Slings
 12760 | D:9      | Reached skill level 6 in Bows
 12760 | D:9      | Reached skill level 6 in Crossbows
 12760 | D:9      | Reached skill level 6 in Armour
 12760 | D:9      | Reached skill level 6 in Shields
 12760 | D:9      | Reached skill level 6 in Unarmed Combat
 12760 | D:9      | Reached skill level 6 in Spellcasting
 12760 | D:9      | Reached skill level 6 in Evocations
 13067 | D:9      | Noticed a two-headed ogre
 13110 | D:9      | Killed a two-headed ogre
 13369 | D:10     | Entered Level 10 of the Dungeon
 13725 | D:10     | Reached skill level 10 in Stealth
 15158 | D:11     | Noticed a phantasmal warrior
 15379 | D:11     | Found Uzohuy's Armour Emporium.
 16190 | D:11     | Noticed a two-headed ogre
 16237 | D:11     | Paralysed by a hornet for 3 turns
 16247 | D:11     | Killed a two-headed ogre
 16907 | D:11     | Reached XP level 12. HP: 93/93 MP: 22/22
 16911 | D:11     | Noticed a death knight
 16943 | D:11     | Slain by a skeletal warrior

Skill      XL: |  1  2  3  4  5  6  7  8  9 10 11 |
---------------+----------------------------------+-----
Long Blades    | 1 2 3 4 5 6 |  6.7
Axes           | 1 2 3 4 5 6 |  6.7
Maces & Flails | 1 2 3 4 5 6 |  6.7
Polearms       | 1 2 3 4 5 6 |  6.7
Staves         | 1 2 3 4 5 6 |  6.7
Slings         | 1 2 3 4 5 6 |  6.7
Bows           | 1 2 3 4 5 6 |  6.7
Crossbows      | 1 2 3 4 5 6 |  6.7
Armour         | 1 2 3 4 5 6 |  6.7
Shields        | 1 2 3 4 5 6 |  6.7
Unarmed Combat | 1 2 3 4 5 6 |  6.7
Spellcasting   | 1 2 3 4 5 6 |  6.7
Invocations    | 1 2 3 4 5 6 7 |  7.3
Evocations     | 1 2 3 4 5 6 |  6.7
Dodging        | 3 4 5 6 7 |  7.2
Stealth        | 8 9 10 | 10.2
Conjurations   | 1 2 3 4 5 |  5.5
Hexes          | 1 2 3 4 5 |  5.5
Charms         | 1 2 3 4 5 |  5.5
Summonings     | 1 2 3 4 5 |  5.5
Necromancy     | 1 2 3 4 5 |  5.5
Translocations | 1 2 3 4 5 |  5.5
Transmutations | 1 2 3 4 5 |  5.5
Fire Magic     | 1 2 3 4 5 |  5.5
Ice Magic      | 1 2 3 4 5 |  5.5
Air Magic      | 1 2 3 4 5 |  5.5
Earth Magic    | 1 2 3 4 5 |  5.5
Poison Magic   | 1 2 3 4 5 |  5.5
Fighting       | 5 6 7 8 |  8.2
Short Blades   | 5 6 7 8 |  8.2
Throwing       | 5 6 7 8 |  8.2

Action                   |  1- 3 |  4- 6 |  7- 9 | 10-12 || total
-------------------------+-------+-------+-------+-------++-------
Melee: Dagger            |    57 |   101 |   262 |   153 ||   573
       Bite              |     3 |     8 |    33 |    76 ||   120
       Punch             |       |       |     5 |    17 ||    22
       Trident           |       |       |       |   266 ||   266
       Falchion          |       |       |       |   103 ||   103
       Hand crossbow     |       |       |       |     2 ||     2
 Fire: Blowgun           |     4 |    21 |   108 |   110 ||   243
       Shortbow          |       |       |   110 |   343 ||   453
       Hand crossbow     |       |       |    63 |   117 ||   180
Throw: Throwing net      |       |       |       |     1 ||     1
 Cast: Regeneration      |       |       |     5 |     3 ||     8
       Blink             |       |       |     9 |    24 ||    33
       Conjure Flame     |       |       |       |    20 ||    20
       Confuse           |       |       |       |    24 ||    24
Evoke: Lightning rod     |       |       |       |     3 ||     3
  Use: Potion            |       |       |     6 |       ||     6
       Scroll            |       |       |       |    10 ||    10
 Stab: Sleeping          |    13 |    16 |    10 |    10 ||    49
       Distracted        |     1 |     1 |       |     3 ||     5
       Confused          |       |       |       |     6 ||     6
  Eat: Chunk             |       |     7 |    10 |    23 ||    40
       Ration            |       |       |     3 |     4 ||     7
Armor: Robe              |    17 |    21 |    54 |    73 ||   165
       Troll leather arm |       |       |       |    14 ||    14
Dodge: Dodged            |    33 |    68 |   276 |   635 ||  1012
       Rpst.: Falchion   |       |       |       |    25 ||    25
